 Dungeon Crawl Stone Soup version 0.23.0 (webtiles) character file.

Game seed: 11655464911730124391

3759 Trogdor the Spear-Bearer (level 10, -3/70 HPs)
             Began as a Merfolk Skald on Feb 24, 2019.
             Was a Priest of Qazlal.
             Slain by a killer bee (7 damage)
             ... on level 8 of the Dungeon.
             The game lasted 00:51:56 (8157 turns).

Trogdor the Spear-Bearer (Merfolk Skald)            Turns: 8157, Time: 00:51:56

Health: -3/70      AC:  3    Str: 17    XL:     10   Next: 15%
Magic:  9/27       EV: 18    Int: 12    God:    Qazlal [***...]
Gold:   411        SH:  4    Dex: 14    Spells: 6/19 levels left

rFire    . . .     SeeInvis .   E - +0 trident
rCold    . . .     Gourm    .   (no shield)
rNeg     + . .     Faith    .   h - +0 robe of the Present {MP+9 Str+2}
rPois    .         Spirit   .   (no helmet)
rElec    .         Reflect  .   (no cloak)
rCorr    .         Harm     .   t - +0 pair of gloves
MR       .....                  (no boots)
Stlth    +.........             g - amulet of regeneration
HPRegen  1.61/turn              j - +3 ring of evasion
MPRegen  0.20/turn              r - ring of positive energy

@: lethally poisoned (-3 -> -3), infused, singing, regenerating (expiring)
A: change form in water, swift swim, stealthy swim
a: Upheaval, Elemental Force, Renounce Religion


You were on level 8 of the Dungeon.
You worshipped Qazlal.
Qazlal was most pleased with you.
You were not hungry.

You visited 1 branch of the dungeon, and saw 8 of its levels.

You collected 411 gold pieces.

Inventory:

Hand Weapons
 a - a +0 spear
 E - a +0 trident (weapon)
Missiles
 y - a throwing net (quivered)
Armour
 b - a +0 leather armour
 e - a +0 large shield
 h - the +0 robe of the Present (worn) {MP+9 Str+2}
   (You found it on level 4 of the Dungeon)

   It affects your strength (+2).
   It affects your magic capacity (+9).
 n - a +0 plate armour
 q - a +0 scale mail
 t - a +0 pair of gloves (worn)
 u - a +0 leather armour of fire resistance
 A - a +2 robe of magic resistance
 B - a +0 shield
 D - a +0 pair of boots
Jewellery
 g - an amulet of regeneration (around neck)
 j - a +3 ring of evasion (left hand)
 r - a ring of positive energy (right hand)
Wands
 F - a wand of polymorph (9)
 G - a wand of acid (12)
Scrolls
 c - a scroll of random uselessness {unknown}
 f - 4 scrolls of teleportation
 k - a scroll of remove curse
 l - a scroll of enchant weapon {unknown}
 p - a scroll of fog
 s - a scroll of fear {unknown}
 v - 3 scrolls of identify
 w - a scroll of magic mapping {unknown}
 C - a scroll of torment {unknown}
Potions
 i - 6 potions of curing
 m - a potion of agility
 o - a potion of brilliance
 x - 2 potions of lignification
 z - a potion of haste
Comestibles
 d - 12 rations


   Skills:
 + Level 3.4 Fighting
 + Level 10.3 Polearms
 - Level 0.6 Armour
 + Level 5.7 Dodging
 + Level 1.8 Shields
 - Level 5.3 Spellcasting
 + Level 1.7 Hexes
 + Level 8.9 Charms
 + Level 1.4 Necromancy
 + Level 1.9 Translocations
 * Level 5.2 Invocations


You had 6 spell levels left.
You knew the following spells:

 Your Spells              Type           Power        Failure   Level  Hunger
a - Infusion              Chrm           ###.         1%          1    None
b - Song of Slaying       Chrm           ###.....     1%          2    ##.....
c - Shroud of Golubria    Chrm/Tloc      ###.......   3%          2    ##.....
d - Spectral Weapon       Hex/Chrm       ###.....     6%          3    ###....
e - Regeneration          Chrm/Necr      ###.......   7%          3    ###....
f - Blink                 Tloc           N/A          13%         2    ##.....

Your spell library contained the following spells:

 Spells                   Type           Power        Failure   Level  Hunger
 Slow                     Hex            #.......     14%         2    ##.....
 Magic Dart               Conj           #...         19%         1    None
 Call Imp                 Summ           #.......     28%         2    ##.....
 Conjure Flame            Conj/Fire      #.......     50%         3    ###....
 Mephitic Cloud           Conj/Pois/Air  #.......     50%         3    ###....


Dungeon Overview and Level Annotations

Branches:
Dungeon (8/15)             Temple (0/1) D:5
   Lair: D:8-11

Altars:
Makhleb
Qazlal
Ru
Trog
Vehumet
Zin
The Shining One


Message History

The killer bee barely misses you.
The killer bee is engulfed in freezing vapours.
You kill the killer bee!
Qazlal accepts your kill. The killer bee misses you.
You miss the killer bee.
The killer bee is moderately wounded.
You feel sick. You block the killer bee's attack.
The killer bee closely misses you. The killer bee barely misses you.
You hit the killer bee.
The killer bee is moderately wounded.
Your skin is crawling a little less now.
You feel sick. The killer bee stings you.
* * * LOW HITPOINT WARNING * * *
You are more poisoned.
The killer bee poisons you! The killer bee completely misses you.
The killer bee stings you!
* * * LOW HITPOINT WARNING * * *
The killer bee stings you!
You die...

# .# ###### #.#
##<..†##..#
#..†...y@..#
>........°y..#
#...##.........#
#.. ##........#
.. #######..# #
#.. #(. #.#


You could see 2 killer bees.

Vanquished Creatures
  The ghost of edsrzf the Carver, a novice OpWr of Gozag (D:7)
  5 yaks
  Menkaure (D:6)
  2 orc warriors
  A sky beast (D:7)
  A phantom (D:6)
  An ice beast (D:6)
  3 ogres (D:4)
  A centaur (D:4)
  A wyvern zombie (D:6)
  2 bullfrogs
  2 scorpions (D:6)
  3 killer bees (D:8)
  8 wights (D:7)
  A bullfrog zombie (D:7)
  4 crimson imps
  A quasit (D:6)
  2 jellies (D:5)
  3 hounds
  An orc priest (D:7)
  An iguana (D:7)
  2 orc wizards
  5 worker ants
  Natasha (twice) (D:3)
  3 hound skeletons
  A worker ant zombie (D:6)
  7 gnolls
  2 howler monkey skeletons
  8 adders
  A shadow imp (D:4)
  An ooze (D:3)
  A dart slug (D:1)
  4 leopard geckos
  20 orcs
  A giant cockroach (D:5)
  10 goblins
  2 hobgoblins
  13 jackals
  2 quokkas (D:5)
  8 bats
  3 frilled lizards
  A jackal zombie (D:7)
  3 kobolds (D:3)
  A quokka skeleton (D:5)
  5 rats (D:1)
  2 spectral weapons
153 creatures vanquished.

Vanquished Creatures (others)
  3 plants (D:6)
  A spectral weapon (D:7)
4 creatures vanquished.

Grand Total: 157 creatures vanquished

Notes
Turn   | Place    | Note
-------+----------+-------------------------------------------
     0 | D:1      | Trogdor the Merfolk Skald began the quest for the Orb.
     0 | D:1      | Reached XP level 1. HP: 16/16 MP: 3/3
   566 | D:1      | Reached XP level 2. HP: 22/22 MP: 1/5
   658 | D:1      | Learned a level 2 spell: Song of Slaying
   661 | D:1      | Learned a level 2 spell: Shroud of Golubria
  1396 | D:2      | Found a faded altar of an unknown god.
  1436 | D:2      | Reached XP level 3. HP: 27/27 MP: 0/6
  1477 | D:2      | Became a worshipper of Qazlal Stormbringer
  1477 | D:2      | Reached * piety under Qazlal
  1525 | D:2      | Found a stormy altar of Qazlal.
  1646 | D:2      | Found a glowing silver altar of Zin.
  1780 | D:2      | Found a bloodstained altar of Trog.
  1784 | D:2      | Found a sacrificial altar of Ru.
  1943 | D:3      | Reached skill level 4 in Polearms
  2049 | D:3      | Reached XP level 4. HP: 28/33 MP: 6/8
  2054 | D:3      | Learned a level 3 spell: Spectral Weapon
  2652 | D:3      | Reached XP level 5. HP: 32/38 MP: 1/9
  2736 | D:3      | Noticed Natasha
  2744 | D:3      | Killed Natasha
  2906 | D:3      | Found a glowing golden altar of the Shining One.
  2994 | D:3      | Noticed Natasha
  3005 | D:3      | Killed Natasha
  3005 | D:3      | Reached skill level 5 in Polearms
  3106 | D:3      | Found a radiant altar of Vehumet.
  3106 | D:3      | Found a burning altar of Makhleb.
  3113 | D:3      | Reached skill level 5 in Charms
  3510 | D:4      | Noticed an ogre
  3519 | D:4      | Killed an ogre
  3519 | D:4      | Reached XP level 6. HP: 44/44 MP: 1/11
  3657 | D:4      | Got a ripped robe
  3668 | D:4      | Identified the +0 robe of the Present {MP+9 Str+2} (You
                  | found it on level 4 of the Dungeon)
  3689 | D:4      | Reached skill level 6 in Polearms
  4432 | D:5      | Entered Level 5 of the Dungeon
  4450 | D:4      | Learned a level 3 spell: Regeneration
  4592 | D:4      | Reached ** piety under Qazlal
  4592 | D:4      | Reached XP level 7. HP: 44/50 MP: 6/13
  4829 | D:5      | Reached skill level 1 in Invocations
  5055 | D:4      | Reached skill level 7 in Polearms
  5055 | D:4      | Reached skill level 1 in Translocations
  5199 | D:5      | Reached XP level 8. HP: 45/56 MP: 15/15
  5313 | D:5      | Found a staircase to the Ecumenical Temple.
  5326 | D:5      | Learned a level 2 spell: Blink
  5855 | D:6      | Reached skill level 5 in Spellcasting
  6028 | D:6      | Reached skill level 8 in Polearms
  6550 | D:6      | Noticed Menkaure
  6558 | D:6      | Killed Menkaure
  6558 | D:6      | Reached skill level 1 in Hexes
  6853 | D:7      | Reached XP level 9. HP: 53/61 MP: 14/17
  6958 | D:7      | Reached *** piety under Qazlal
  7067 | D:7      | Reached skill level 9 in Polearms
  7095 | D:7      | Reached skill level 1 in Shields
  7384 | D:6      | Reached skill level 1 in Necromancy
  7600 | D:7      | Reached skill level 5 in Dodging
  7947 | D:7      | Found a runed translucent door.
  7949 | D:7      | Noticed edsrzf's ghost (novice OpWr)
  7985 | D:7      | Killed edsrzf's ghost
  7985 | D:7      | Reached skill level 10 in Polearms
  7985 | D:7      | Reached skill level 5 in Invocations
  7985 | D:7      | Reached XP level 10. HP: 70/70 MP: 18/18
  8157 | D:8      | Slain by a killer bee

Skill      XL: |  1  2  3  4  5  6  7  8  9 |
---------------+----------------------------+-----
Charms         | 4 5 6 7 8 |  8.9
Polearms       | 4 5 6 7 8 10 | 10.3
Spellcasting   | 3 4 5 |  5.3
Invocations    | 1 3 5 |  5.2
Translocations | 1 |  1.9
Hexes          | 1 |  1.7
Dodging        | 3 5 |  5.7
Shields        | 1 |  1.8
Necromancy     | 1 |  1.4
Fighting       | 3 |  3.4
Armour         | |  0.6

Action                   |  1- 3 |  4- 6 |  7- 9 | 10-12 || total
-------------------------+-------+-------+-------+-------++-------
Melee: Spear             |   113 |   129 |   516 |       ||   758
       Tailslap          |       |       |     3 |       ||     3
       Trident           |       |       |    29 |     8 ||    37
 Cast: Infusion          |    18 |    16 |    34 |     1 ||    69
       Shroud of Golubri |     3 |     7 |    22 |     2 ||    34
       Song of Slaying   |     2 |     2 |    13 |     1 ||    18
       Spectral Weapon   |       |     3 |     7 |       ||    10
       Regeneration      |       |     2 |    15 |     1 ||    18
       Blink             |       |       |     1 |     1 ||     2
Invok: Upheaval          |       |       |     2 |     1 ||     3
  Use: Scroll            |     3 |       |     3 |       ||     6
       Potion            |     3 |     3 |     2 |       ||     8
 Stab: Distracted        |       |       |     1 |       ||     1
  Eat: Chunk             |     4 |     4 |    16 |       ||    24
       Ration            |       |     2 |       |       ||     2
Armor: Leather armour    |    20 |    15 |       |       ||    35
       Robe              |       |       |    40 |     1 ||    41
       Skin              |       |       |    14 |       ||    14
Dodge: Dodged            |    52 |    55 |   327 |    31 ||   465
Block: Other             |     1 |     7 |    50 |     8 ||    66
